 Dungeon Crawl Stone Soup version 0.28-a0-845-gfc338a8e3c (webtiles) character file.

Game seed: 10360178341492104250

1103920 miscthings the Evocator (level 27, -5/228 HPs)
             Began as a Djinni Conjurer on Nov 13, 2021.
             Was the Champion of Ashenzari.
             Slain by a shard shrike (8 damage)
             ... on level 7 of Cocytus.
             The game lasted 04:15:46 (54928 turns).

miscthings the Evocator (Djinni Conjurer)          Turns: 54928, Time: 04:15:47

Health: -5/228     AC: 20    Str: 16    XL:     27
Gold:   8792       EV: 29    Int: 27    God:    Ashenzari [******] SH: 37 Dex: 30

rFire   + + +      SeeInvis +   H - staff of conjuration (curse) {Cun, Melee}
rCold   + + .      Faith    .   l - +8 tower shield "Oscillating Fan" {rC+, Fort, Range} (curse)
rNeg    + + +      Spirit   .   v - +5 chain mail of the Fated Regret {Will+ Dex+5, Range, Fort} (curse)
rPois   ∞          Reflect  .   N - -2 hat of the Alchemist {rElec rPois rF+ rC+ rN+ Will+ rMut rCorr, Melee, Fort} (curse)
rElec   +          Harm     .   P - scarf of Star-Bound Wisdom {rC+ rF+, Melee, Self} (curse)
rCorr   +          Rampage  +   X - -3 pair of gloves "Secrets of Ashenzari" {Regen+ Dex+8, Cun, Fort} (curse)
rMut    +          Clarity  +   (boots unavailable)
Will    ++++.                   d - amulet "Share My Visionary" {Acrobat Rampage Regen+ Stlth+, Cun, Melee} (curse)
Stlth   ++++++++..              w - ring of Ashenzari's Affliction {rN++ rCorr Str+3, Self, Melee} (curse)
HPRegen 2.48/turn               A - ring of Curses and Power {Str+6, Range, Fort} (curse)
MPRegen 0.00/turn

@: marked, flying, studying 4 skills, frozen potions
A: sickness immunity, fire resistance 2, cold vulnerability 1, float, innate
caster, hp casting, extra vitality 1
}: 14/15 runes: barnacled, slimy, silver, golden, iron, obsidian, bone, abyssal,
demonic, glowing, magical, fiery, dark, gossamer
a: Renounce Religion, Shatter the Chains


You were on level 7 of Cocytus.
You worshipped Ashenzari.
Ashenzari was exalted by your worship.
You visited 16 branches of the dungeon, and saw 83 of its levels.
You visited Pandemonium 2 times, and saw 14 of its levels.
You visited the Abyss 3 times.
You visited 1 ziggurat, and saw 9 of its levels.
You also visited: Ice Cave, Volcano, Wizlab and Desolation.

You collected 11099 gold pieces.
You spent 2307 gold pieces at shops.

Inventory:

Missiles
 R - 7 throwing nets
Armour
 l - the cursed +8 tower shield "Oscillating Fan" (worn) {rC+, Fort, Range}
   (You took it off a demonspawn warmonger in Pandemonium)

   It has a curse which improves the following skills: Fortitude: Armour and
   Shields.
   Ranged Combat: Slings, Bows, Crossbows and Throwing.
 q - the +4 troll leather armour of Mutualism {Regen+ Int+3 Dex+3}
   (You found it on level 5 of a ziggurat)

   Int:       It affects your intelligence (+3).
   Dex:       It affects your dexterity (+3).
   Regen:     It increases your rate of health regeneration.
 v - the cursed +5 chain mail of the Fated Regret (worn) {Will+ Dex+5, Range, Fort}
   (You found it on level 13 of the Dungeon)

   Dex:       It affects your dexterity (+5).
   Will:      It increases your willpower.
   It has a curse which improves the following skills: Ranged Combat: Slings,
   Bows, Crossbows and Throwing.
   Fortitude: Armour and Shields.
 B - the +4 tower shield "Kadud" {Drain Str+7 Dex+3}
   (You took it off a daeva in Pandemonium)

   Str:       It affects your strength (+7).
   Dex:       It affects your dexterity (+3).
   Drain:     It drains your maximum health when unequipped.
 N - the cursed -2 hat of the Alchemist (worn) {rElec rPois rF+ rC+ rN+ Will+ rMut rCorr, Melee, Fort}
   (You found it in the Desolation of Salt)

   rF:        It protects you from fire.
   rC:        It protects you from cold.
   rElec:     It insulates you from electricity.
   rPois:     It protects you from poison.
   rN:        It protects you from negative energy.
   rCorr:     It protects you from acid and corrosion.
   rMut:      It protects you from mutation.
   Will:      It increases your willpower.
   It has a curse which improves the following skills: Melee Combat: Short
   Blades, Long Blades, Axes, Maces & Flails, Polearms, Staves and Unarmed
   Combat.
   Fortitude: Armour and Shields.
 P - the cursed scarf of Star-Bound Wisdom (worn) {rC+ rF+, Melee, Self}
   (You found it on level 5 of the Lair of Beasts)

   It has a curse which improves the following skills: Melee Combat: Short
   Blades, Long Blades, Axes, Maces & Flails, Polearms, Staves and Unarmed
   Combat.
   Introspection: Fighting and Spellcasting.
 X - the cursed -3 pair of gloves "Secrets of Ashenzari" (worn) {Regen+ Dex+8, Cun, Fort}
   (You acquired it on level 4 of the Shoals)

   Dex:       It affects your dexterity (+8).
   Regen:     It increases your rate of health regeneration.
   It has a curse which improves the following skills: Cunning: Dodging and
   Stealth.
   Fortitude: Armour and Shields.
Magical Staves
 y - a staff of air
 C - a staff of cold
 H - a cursed staff of conjuration (weapon) {Cun, Melee}
 Y - a staff of death
Jewellery
 d - the cursed amulet "Share My Visionary" (around neck) {Acrobat Rampage Regen+ Stlth+, Cun, Melee}
   (You found it in the Desolation of Salt)

   [amulet of the acrobat]

   It increases your evasion while moving and waiting.
   Regen:     It increases your rate of health regeneration.
   Rampage:   It bestows one free step when moving towards enemies.
   Stlth:     It makes you more stealthy.
   It has a curse which improves the following skills: Cunning: Dodging and
   Stealth.
   Melee Combat: Short Blades, Long Blades, Axes, Maces & Flails, Polearms,
   Staves and Unarmed Combat.
 k - the ring "Qyh Liu" {rC+ Int+6}
   (You found it on level 5 of the Pits of Slime)

   [ring of intelligence]

   Int:       It affects your intelligence (+6).
   rC:        It protects you from cold.
 w - the cursed ring of Ashenzari's Affliction (left hand) {rN++ rCorr Str+3, Self, Melee}
   (You found it in the Desolation of Salt)

   [ring of resist corrosion]

   Str:       It affects your strength (+3).
   rN:        It greatly protects you from negative energy.
   rCorr:     It protects you from acid and corrosion.
   It has a curse which improves the following skills: Introspection: Fighting
   and Spellcasting.
   Melee Combat: Short Blades, Long Blades, Axes, Maces & Flails, Polearms,
   Staves and Unarmed Combat.
 z - the ring of Kunwufre {Fire Will+ Int+4 Dex+4}
   (You found it in the Desolation of Salt)

   [ring of fire]

   It enhances your fire magic.
   Int:       It affects your intelligence (+4).
   Dex:       It affects your dexterity (+4).
   rF:        It protects you from fire.
   rC:        It makes you vulnerable to cold.
   Will:      It increases your willpower.
 A - the cursed ring of Curses and Power (right hand) {Str+6, Range, Fort}
   (You found it on level 3 of the Shoals)

   [ring of strength]

   Str:       It affects your strength (+6).
   It has a curse which improves the following skills: Ranged Combat: Slings,
   Bows, Crossbows and Throwing.
   Fortitude: Armour and Shields.
 D - the ring of Pantheism {rElec rN+ Str+3 Int+6 Stlth-}
   (You found it on level 3 of the Crypt)

   [ring of intelligence]

   Str:       It affects your strength (+3).
   Int:       It affects your intelligence (+6).
   rElec:     It insulates you from electricity.
   rN:        It protects you from negative energy.
   Stlth:     It makes you less stealthy.
 V - the ring "Methruzio" {rPois Int+6 Dex+3 Stlth+}
   (You found it on level 3 of the Elven Halls)

   [ring of intelligence]

   Int:       It affects your intelligence (+6).
   Dex:       It affects your dexterity (+3).
   rPois:     It protects you from poison.
   Stlth:     It makes you more stealthy.
Wands
 h - a wand of digging (12)
 r - a wand of acid (35)
 t - a wand of iceblast (44)
 E - a wand of paralysis (49)
 F - a wand of mindburst (21)
 L - a wand of charming (27)
Scrolls
 a - 11 scrolls of immolation
 f - 6 scrolls of vulnerability
 g - 16 scrolls of teleportation
 i - 12 scrolls of blinking
 o - 11 scrolls of fog
 p - 7 scrolls of fear
 u - 7 scrolls of enchant armour
 G - 8 scrolls of holy word
 I - 13 scrolls of magic mapping
 K - 2 scrolls of summoning
Potions
 b - 6 potions of lignification
 c - 11 potions of heal wounds
 e - a potion of attraction
 j - 13 potions of cancellation
 m - 22 potions of curing
 n - 5 potions of haste
 s - 8 potions of might
 x - 3 potions of resistance
 J - 3 potions of brilliance
 O - 8 potions of ambrosia
 S - 7 potions of mutation
 U - 2 potions of invisibility
Miscellaneous
 M - a condenser vane
 Q - a phantom mirror
 T - a figurine of a ziggurat
 W - a tin of tremorstones (2/2)
 Z - a box of beasts


   Skills:
 - Level 23.5(27) Fighting
 - Level 8.1(14.2) Throwing
 - Level 19.7(27) Armour
 - Level 21.2(27) Dodging
 - Level 21.2(27) Stealth
 - Level 19.7(27) Shields
 - Level 22.7(27) Spellcasting
 + Level 26.8 Evocations


You couldn't memorise any spells.
You knew the following spells:

 Your Spells              Type           Power      Damage    Failure   Level
a - Fire Storm            Conj/Fire      67%        8d17      3%          9
b - Magic Dart            Conj           100%       1d8       0%          1
c - Conjure Ball Lightni  Conj/Air       67%        3x3d25    0%          6
d - Fulminant Prism       Conj/Hex       67%        3d28      0%          4
e - Iskenderun's Mystic   Conj/Tloc      100%       2d19      0%          4
f - Summon Hydra          Summ           55%        N/A       1%          7
g - Tukima's Dance        Hex            100%       N/A       0%          3
h - Passage of Golubria   Tloc           100%       N/A       0%          4
i - Dazzling Flash        Conj/Hex       100%       N/A       0%          3
j - Ozocubu's Armour      Ice            100%       N/A       0%          3
k - Freeze                Ice            100%       1d11      0%          1
l - Call Imp              Summ           100%       N/A       0%          2
m - Storm Form            Tmut/Air       55%        N/A       1%          7
n - Lehudib's Crystal Sp  Conj/Erth      67%        10d15     1%          8
r - Searing Ray           Conj           100%       2d8       0%          2
v - Malign Gateway        Summ/Tloc      55%        N/A       1%          7
x - Lightning Bolt        Conj/Air       67%        1d91      0%          5
z - Starburst             Conj/Fire      67%        6d17      0%          6
Your spell library was empty.

Dungeon Overview and Level Annotations

Branches:
Dungeon (15/15)            Temple (0/1) D:7            Lair (6/6) D:8
 Shoals (4/4) Lair:2       Spider (4/4) Lair:4        Slime (5/5) Lair:6
    Orc (2/2) D:12            Elf (3/3) Orc:2        Vaults (5/5) D:14
  Crypt (3/3) Vaults:2       Tomb (3/3) Crypt:3      Depths (4/4) D:15
   Hell (visited)             Dis (7/7) Hell            Geh (7/7) Hell
    Coc (7/7) Hell            Tar (7/7) Hell            Zot (0/5) Depths:4
  IceCv (visited)         Volcano (visited)          WizLab (visited)
Desolation (visited)

Altars:
Ashenzari
Elyvilon
Gozag
Hepliaklqana
Kikubaaqudgha
Trog
Wu Jian
Xom
The Shining One
Lugonu

Shops:
D:4 ?   D:5 *   D:10 (   D:15 (   Orc:2 :(?!*   Elf:2 ?   Elf:3 (   Shoals:2 (
Shoals:4 *   Vaults:5 :   Depths:2 (   Depths:3 :=:*

Portals:
Hell: Depths:1 Depths:2 Depths:3 Depths:4
Abyss: Depths:3 Depths:4
Pandemonium: Depths:1 Depths:2

Annotations:
Elf:2 exclusion: 3 doors


Innate Abilities, Weirdness & Mutations

You are immune to sickness and miasma.
You are immune to poison.
Your flesh is very heat resistant. (rF++)
You are vulnerable to cold. (rC-)
You float through the air rather than walking.
You learn spells naturally, not from books.
Your magical power is your life essence.
You have superior vitality. (+4 HP)


Message History

Your surroundings suddenly seem different.
Found 13 gold pieces.
Unknown command.
It's too cold; everything's frozen solid!
Unknown command.
Okay, then.
A shard shrike comes into view.
Casting: Fire Storm (dangerous; 3% risk of failure)
Confirm with . or Enter, or press ? or * to list all spells.
Aiming: Fire Storm (dangerous; 3% risk of failure)
Press: ? - help, Dir - move target
Okay, then.
As you read the scroll of summoning, it crumbles to dust.
Wisps of shadow whirl around you...
Aiming: Lehudib's Crystal Spear (mildly dangerous; 1% risk of failure)
Press: ? - help, Q - select action, (/) - cycle Shift-Dir - straight line, f - shard shrike
Aim: a shard shrike (water, ally target, 67% to hit)
You feel a surge of power!
The crystal spear hits the shard shrike!!!
The shard shrike is severely wounded.
* * * LOW HITPOINT WARNING * * *
The shard shrike spits a shard of ice at you.
The shard of ice hits you!! You partially resist.
* * * LOW HITPOINT WARNING * * *
Your nargun hits the shard shrike!
Your nargun completely misses the shard shrike.
Okay, then.
Aiming: Mindburst
Press: ? - help, Shift-Dir - straight line, f/p - shard shrike
Aim: a shard shrike (severely wounded, catching its breath, ally target, chance to affect: 71%)
Okay, then.
Aiming: Mindburst
Press: ? - help, Shift-Dir - straight line, f/p - shard shrike
Aim: a shard shrike (severely wounded, catching its breath, ally target, chance to affect: 71%)
The shard shrike's mind is blasted!!
The shard shrike claws you.
* * * LOW HITPOINT WARNING * * *
The shard shrike freezes you! You resist.
* * * LOW HITPOINT WARNING * * *
The shard shrike claws you!
You die...

,,,,,,,,,,* *,,,,≈≈≈≈≈≈≈≈≈≈
,,,,,,,,,** ##....≈≈≈≈##≈≈≈≈
,,,,,,,,,* #....≈≈≈≈≈##≈≈≈≈
,,,,,,,*** ##...≈≈≈≈≈≈##≈≈≈≈
,,,,,,** #....≈≈≈≈≈≈##≈≈≈≈
,,,,,** #....≈≈≈≈≈≈##≈≈≈≈
,,******* #....≈≈≈≈≈≈##≈≈≈≈
,** **,,** #...9b≈≈≈≈≈##≈≈≈≈
*****,,,,* *##..@≈≈≈≈≈##≈≈≈≈
***,,,,,,* ###..≈≈≈≈≈##≈≈≈≈
**,,,*,,** ###..≈≈≈≈≈##≈≈≈≈
*,,*********###..≈≈≈≈≈##≈≈≈≈
*,,* **∆∆###..≈≈≈≈≈##≈≈≈≈
*,** ***∆∆∆$##..≈≈≈≈≈##≈≈≈≈
,,*****,,∆,,.##..≈≈≈≈≈##≈≈≈≈
,,,**,,,**∆∆###..≈≈≈≈≈##≈≈≈≈
,,,,,,******* #..≈≈≈≈≈##≈≈≈≈


You could see a shard shrike (ally target) and a friendly nargun (summoned).

Vanquished Creatures
  Cerebov (Pan)
  the Royal Jelly (Slime:5)
  Asmodeus (Geh:7)
  Gloorx Vloq (Pan)
  Ereshkigal (Tar:7)
  the Serpent of Hell (Dis:7)
  Lom Lobon (Pan)
  Dispater (Dis:7)
  4 dread liches
  5 ancient liches
  2 pandemonium lords (Pan)
  4 juggernauts
  16 royal mummies
  Bai Suzhen (Depths:1)
  35 shard shrikes
  2 caustic shrikes (Dis:7)
  A golden dragon (Depths:4)
  Geryon (Hell)
  8 profane servitors
  9 bone dragons
  Arachne (Spider:2)
  Nikola (Spider:1)
  5 Brimstone Fiends
  12 Tzitzimimeh
  4 doom hounds
  An electric golem (Zig:7)
  9 hellephants
  3 iron giants (Dis:7)
  A spectral shard shrike (Tar:5)
  8 Ice Fiends
  5 tentacled monstrosities
  8 tainted leviathans
  8 liches
  4 Hell Sentinels
  13 searing wretches
  Asterion (Elf:3)
  3 deep elf blademasters
  17 titans
  2 krakens
  14 ancient champions
  A deep elf master archer (Elf:3)
  14 acid blobs
  A tentacled starspawn (Abyss:1)
  3 eldritch tentacles
  2 tengu reavers (Vaults:5)
  13 Executioners
  7 shadow dragons
  Roxanne (Spider:1)
  15 sphinxes
  The ghost of Baxzics the Sorcerer, an adept DECj of Vehumet (Spider:3)
  9 storm dragons
  11 azure jellies
  5 demonspawn warmongers (Pan)
  7 daevas (Pan)
  4 revenants
  6 rockslimes (Slime:5)
  16 narguns
  10 frost giants
  7 emperor scorpions (Spider:4)
  2 imperial myrmidons (Desolation)
  11 vault wardens
  9 deep elf sorcerers
  4 quicksilver elementals
  17 fire giants
  A draconian scorcher (Depths:4)
  8 ghost moths
  33 balrugs
  5 iron dragons
  6 ghouls
  4 orc warlords
  A juggernaut zombie (WizLab)
  7 cacodemons (Pan)
  Aizul (Spider:4)
  A draconian stormcaller (Depths:4)
  5 shard shrike simulacra
  A demonspawn corrupter (Pan)
  2 curse skulls (Pan)
  4 deep elf elementalists (Elf:3)
  16 very ugly things
  7 quicksilver oozes
  6 angels (Pan)
  The ghost of R007833r the Scorcher, a journeyman DrFE of Vehumet (Shoals:1)
  16 ironbound preservers
  3 spectral caustic shrikes
  13 stone giants
  2 draconian annihilators (Pan)
  A green draconian (Depths:4)
  14 war gargoyles
  A demonspawn blood saint (Pan)
  An apis (Pan)
  14 reapers
  3 ophanim (Pan)
  3 demonspawn black suns
  10 putrid mouths
  9 vampire knights
  20 elemental wellsprings
  4 deep elf demonologists
  4 bennus
  A purple draconian (Depths:4)
  6 dire elephants
  A yellow draconian (Depths:4)
  13 wendigos
  15 deep elf annihilators
  Nessos (Lair:4)
  A spectral titan (Tar:2)
  4 lorocyprocas (Pan)
  2 entropy weavers
  2 halazid warlocks (Desolation)
  7 green deaths
  A merfolk javelineer (Shoals:1)
  5 deep elf death magi
  4 eidola
  2 eleionomae (Shoals:3)
  A spectral quicksilver dragon (Tar:4)
  4 crystal guardians
  6 merfolk impalers
  7 ettins
  9 deep elf high priests
  5 iron golems
  7 jiangshi
  33 vault guards
  7 fire dragons
  4 blizzard demons
  7 great orbs of eyes
  19 ragged hierophants (Desolation)
  24 mummy priests
  Fannar (D:10)
  8 ice dragons
  8 yaktaur captains
  4 hydras
  2 ironbound thunderhulks
  9 servants of whispers (Desolation)
  4 rakshasas
  3 hell beasts (Hell)
  6 peacekeepers
  7 caustic shrike simulacra
  7 ironbound frosthearts
  4 merfolk aquamancers
  A naga warrior (Zig:3)
  8 boulder beetles
  6 merfolk avatars
  3 spriggan air magi
  10 salamander tyrants
  4 ogre magi
  4 juggernaut simulacra
  9 satyrs
  A quicksilver dragon skeleton (Crypt:2)
  2 alligator snapping turtles (Shoals:4)
  4 deep troll shamans
  7 stokers
  A catoblepas (Lair:6)
  27 two-headed ogres
  14 centaur warriors
  A spectral elf (Tar:2)
  2 death knights
  A titan zombie (Crypt:3)
  26 hell hogs
  63 death scarabs
  5 spriggan berserkers
  4 death yaks
  8 orc high priests
  A thrashing horror (Abyss:3)
  2 deep troll earth magi
  4 vampire magi (Crypt:1)
  3 tengu warriors
  A naga sharpshooter (Zig:3)
  4 shock serpents
  36 sun demons
  15 deep elf knights
  3 spectral nagas
  2 spectral dire elephants
  19 hell knights
  5 crystal echidnas
  9 soul eaters
  Nergalle (Lair:2)
  19 shadow wraiths
  7 sixfirhies (Pan)
  21 skeletal warriors
  A spectral anaconda (Tar:6)
  54 deep trolls
  2 shadow demons
  6 spatial maelstroms (Abyss:3)
  A goliath frog (Lair:6)
  2 iron trolls
  8 sea snakes
  A salamander mystic (Depths:3)
  5 quicksilver dragon simulacra
  A golden dragon zombie (Crypt:1)
  20 deep elf archers
  2 wretched stars (Abyss:1)
  2 cherubim (Pan)
  2 tengu zombies (WizLab)
  A lindwurm (shapeshifter) (Vaults:5)
  6 starcursed masses
  A flayed ghost (Depths:1)
  An anaconda skeleton (Hell)
  15 necromancers
  An anaconda zombie (Hell)
  An iron giant skeleton (Crypt:1)
  An orange crystal statue (Depths:1)
  12 phantasmal warriors
  33 ironbound convokers
  13 wizards
  8 lindwurms (Vaults:2)
  15 orb spiders
  13 orc knights
  38 ugly things
  38 deep elf zephyrmancers
  A harpy (shapeshifter) (Abyss:3)
  A sphinx zombie (Vaults:4)
  2 eleionoma zombies (Crypt:1)
  9 orc sorcerers
  4 shining eyes
  35 deep elf pyromancers
  12 harpies
  A fire giant zombie (WizLab)
  9 cyclopes
  33 wolf spiders
  A faun (shapeshifter) (Vaults:5)
  A spectral centaur (Tar:1)
  2 stone giant zombies
  A manticore (shapeshifter) (Abyss:3)
  32 fauns
  3 frost giant zombies
  6 salamanders
  4 oklob plants (Lair:5)
  2 worldbinders (Abyss:3)
  A spectral ettin (Tar:4)
  11 elephants
  16 manticores
  2 centaur zombies
  7 guardian serpents
  6 merfolk sirens
  6 black mambas
  7 titan simulacra
  16 vault sentinels
  4 moths of wrath
  11 molten gargoyles
  10 water nymphs
  3 eyes of devastation
  27 cane toads
  25 smoke demons
  18 hellions
  4 ice statues
  Maggie (D:7)
  9 orange demons
  2 dire elephant skeletons
  5 unseen horrors
  A spriggan zombie (WizLab)
  2 centaur skeletons (Pan)
  A naga skeleton (Pan)
  2 yaktaur zombies (Vaults:4)
  16 demonic crawlers
  14 komodo dragons
  4 kobold demonologists
  25 yaktaurs
  15 hellwings (Pan)
  13 tormentors
  3 efreet
  8 tengu conjurers
  5 freezing wraiths
  5 anaconda simulacra
  2 sea snake zombies (Hell)
  2 silent spectres (Tar:3)
  41 guardian mummies
  A golden dragon simulacrum (Coc:4)
  A spectral harpy (Tar:1)
  A hydra zombie (Hell)
  A meliai (shapeshifter) (Elf:3)
  3 red devils
  10 trolls
  An ice devil (Depths:2)
  36 merfolk
  4 polar bears
  A minotaur skeleton (Crypt:1)
  3 tyrant leeches (Lair:6)
  25 jumping spiders
  A harpy zombie (Crypt:3)
  2 hydra skeletons
  6 wind drakes
  A merfolk (shapeshifter) (D:15)
  81 saltlings
  A sphinx simulacrum (Vaults:3)
  2 hornets (Spider:1)
  27 dream sheep
  A shadow dragon simulacrum (Coc:1)
  12 snapping turtles
  31 blink frogs
  86 slime creatures
  A jumping spider zombie (Crypt:1)
  2 stone giant simulacra
  49 dancing weapons
  A fire dragon zombie (Crypt:3)
  5 iron dragon simulacra
  2 air elementals
  An alligator zombie (Hell)
  A spectral black mamba (Tar:1)
  5 ynoxinuls
  69 redbacks
  A spriggan simulacrum (Coc:3)
  50 flying skulls
  3 ettin skeletons
  10 wraiths
  27 tarantellas
  7 wyverns
  35 yaks
  3 naga simulacra
  3 dire elephant simulacra
  3 basilisks
  37 ushabtiu
  14 large abominations
  An elf zombie (WizLab)
  20 humans (D:14)
  2 black mamba skeletons
  22 fire bats
  2 golden eyes (Pan)
  17 water elementals
  6 chaos spawn
  3 fire elementals
  A sea snake simulacrum (Hell)
  3 steam dragons
  10 neqoxecs (Pan)
  An alligator snapping turtle simulacrum (Coc:2)
  21 vampire mosquitoes
  4 wargs
  Menkaure (D:5)
  3 spatial vortices (Abyss:3)
  2 nagas (Zig:3)
  12 harpy simulacra
  A death yak simulacrum (IceCv)
  An acid dragon (D:12)
  12 water moccasins
  A demonspawn zombie (Crypt:1)
  2 hydra simulacra
  3 hell hounds (Hell)
  3 floating eyes
  A two-headed ogre skeleton (Crypt:2)
  2 small abominations
  A sky beast (D:6)
  42 orc warriors
  2 ettin simulacra
  A black bear (D:4)
  8 necrophages
  22 ogres
  14 wolves
  5 centaurs
  An elf simulacrum (Vaults:3)
  A phantom (D:6)
  11 kobold brigands
  13 bullfrogs
  A palentonga zombie (Crypt:1)
  A salamander skeleton (Crypt:2)
  An earth elemental (Elf:2)
  A wyvern zombie (D:8)
  3 gnoll sergeants (D:12)
  A two-headed ogre simulacrum (Coc:1)
  4 human skeletons
  6 scorpions
  A cane toad simulacrum (IceCv)
  A water moccasin skeleton (D:5)
  4 killer bees
  An elephant simulacrum (IceCv)
  A raiju zombie (WizLab)
  5 howler monkeys
  2 electric eels
  5 crimson imps (Pan)
  A bullfrog zombie (D:7)
  3 jellies
  17 orc priests
  2 hounds (D:4)
  4 human zombies
  A bullfrog skeleton (D:6)
  Natasha (thrice) (D:2)
  26 orc wizards
  3 polar bear simulacra
  3 yak simulacra (Lair:4)
  Terence (D:3)
  3 wolf simulacra
  38 mummies
  6 gnolls
  A howler monkey skeleton (D:5)
  4 adders
  3 ufetubi
  An adder zombie (Crypt:1)
  2 worms
  2 dart slugs
  88 orcs
  7 ball pythons
  11 endoplasms
  A giant cockroach (D:1)
  10 goblins
  11 hobgoblins
  5 quokkas
  A ball python skeleton (Crypt:1)
  4 bats
  3 frilled lizards
  21 kobolds
  A quokka skeleton (D:4)
  5 rats
  5 river rat simulacra (Lair:4)
  6 ball lightnings (Pan)
  A butterfly (Lair:4)
  4 creeping infernos
  7 fire vortices
  8 fulminant prisms
  2 plants
  5 tentacles
3369 creatures vanquished.

Vanquished Creatures (collateral kills)
  Mnoleg (Pan)
  Mara (Vaults:4)
  Mennas (Vaults:4)
  A juggernaut (Dis:7)
  A pandemonium lord (Zig:5)
  A royal mummy (Tomb:3)
  A shard shrike (Coc:5)
  4 caustic shrikes (Dis:7)
  A tentacled monstrosity (Pan)
  A hellephant (Geh:3)
  A Hell Sentinel (Dis:7)
  2 tainted leviathans
  A titan (Vaults:5)
  3 deep elf master archers (Elf:3)
  An acid blob (Slime:5)
  An eldritch tentacle (Vaults:4)
  A tentacled starspawn (Abyss:1)
  2 ancient champions (Dis:7)
  A daeva (Pan)
  A tengu reaver (Vaults:5)
  3 fire giants (Vaults:5)
  2 narguns
  An orc warlord (Zig:4)
  2 rockslimes (Slime:5)
  A vault warden (Vaults:5)
  An iron dragon (Dis:7)
  3 frost giants
  A balrug (Pan)
  A deep elf elementalist (Elf:3)
  A very ugly thing (Depths:4)
  2 stone giants (Vaults:5)
  A draconian annihilator (Pan)
  3 war gargoyles (Dis:7)
  A deep elf annihilator (Elf:3)
  A deep elf demonologist (Elf:3)
  A demonspawn black sun (Pan)
  2 iron golems (Dis:7)
  A crystal guardian (Desolation)
  2 mummy priests (Tomb:2)
  A great orb of eyes (Slime:5)
  A caustic shrike simulacrum (Coc:7)
  A servant of whispers (Desolation)
  2 peacekeepers (Desolation)
  A centaur warrior (D:14)
  2 dancing weapons
  2 death scarabs
  A hell knight (Vaults:5)
  A crystal echidna (Dis:7)
  2 shadow wraiths (Tar:7)
  2 ironbound convokers (Vaults:5)
  A necromancer (Vaults:5)
  An orb spider (Spider:2)
  A spectral alligator snapping turtle (Tar:2)
  2 guardian serpents (Desolation)
  A molten gargoyle (Desolation)
  An apocalypse crab (Zig:1)
  An orange demon (Pan)
  A hellwing (Pan)
  5 saltlings (Desolation)
  3 slime creatures (Slime:5)
  A shapeshifter (Elf:3)
  A spatial vortex (Abyss:3)
  A naga skeleton (Tomb:2)
  A water moccasin (D:3)
  A floating eye (Pan)
  A human zombie (WizLab)
  A hound (D:3)
  6 mummies
  A shadow imp (Pan)
  3 ball lightnings
  3 fire vortices (Pan)
110 creatures vanquished.

Vanquished Creatures (others)
  30 eldritch tentacles
  A vault warden (Vaults:5)
  A war gargoyle (Dis:7)
  A vault guard (Vaults:4)
  A peacekeeper (Desolation)
  A caustic shrike simulacrum (Coc:4)
  A merfolk aquamancer (Shoals:4)
  2 hell hogs (Geh:5)
  A deep elf knight (Elf:1)
  A deep elf zephyrmancer (Elf:2)
  2 deep elf pyromancers
  A smoke demon (Pan)
  A hellwing (Pan)
  A saltling (Desolation)
  4 dancing weapons
  A small abomination (Abyss:3)
  A dire elephant simulacrum (Coc:1)
  An ettin simulacrum (Coc:4)
  2 mummies (Tomb:2)
  42 ball lightnings
  A bush (Lair:1)
  2 creeping infernos (Geh:6)
  573 fire vortices
  164 fulminant prisms
  34 fungi
  384 plants
  8 starspawn tentacles (Abyss:1)
  3 tentacles
  2 withered plants (Spider:3)
1267 creatures vanquished.

Grand Total: 4746 creatures vanquished

Notes
Turn   | Place    | Note
-------+----------+-------------------------------------------
     0 | D:1      | miscthings the Djinni Conjurer began the quest for the Orb.
     0 | D:1      | Reached XP level 1. HP: 15/15 MP: 0/0
   210 | D:1      | Reached XP level 2. HP: 20/21 MP: 0/0
   515 | D:1      | Found a faded altar of an unknown god.
   550 | D:1      | Reached XP level 3. HP: 17/25 MP: 0/0
   550 | D:1      | Learned a level 1 spell: Freeze
  1345 | D:2      | Reached XP level 4. HP: 29/31 MP: 0/0
  1579 | D:2      | Noticed Natasha
  1582 | D:2      | Killed Natasha
  1899 | D:2      | Noticed Natasha
  1903 | D:2      | Killed Natasha
  1904 | D:2      | Reached XP level 5. HP: 31/35 MP: 0/0
  1904 | D:2      | Learned a level 2 spell: Call Imp
  1960 | D:2      | Noticed Natasha
  1970 | D:2      | Killed Natasha
  2111 | D:3      | Reached skill level 5 in Spellcasting
  2325 | D:3      | Found an opulent altar of Gozag.
  2327 | D:3      | Noticed Terence
  2331 | D:3      | Killed Terence
  2395 | D:3      | Reached XP level 6. HP: 28/40 MP: 0/0
  3314 | D:4      | Noticed a water moccasin
  3333 | D:3      | Killed a water moccasin
  3459 | D:4      | Reached XP level 7. HP: 35/45 MP: 0/0
  3459 | D:4      | Learned a level 3 spell: Ozocubu's Armour
  3993 | D:4      | Found a shimmering altar of Xom.
  4138 | D:4      | Found a hazy altar of Hepliaklqana.
  4139 | D:4      | Noticed a spectral ugly thing
  4307 | D:4      | Found Cemeaj's Magic Scroll Shoppe.
  4311 | D:4      | Bought a scroll of teleportation for 42 gold pieces
  4311 | D:4      | Bought a scroll of fog for 28 gold pieces
  4311 | D:4      | Bought a scroll of fear for 49 gold pieces
  4311 | D:4      | Bought a scroll of noise for 14 gold pieces
  4327 | D:4      | Reached XP level 8. HP: 46/50 MP: 0/0
  4474 | D:5      | Entered Level 5 of the Dungeon
  4474 | D:5      | Noticed Menkaure
  4480 | D:5      | Killed Menkaure
  5112 | D:5      | Found an ornate altar of the Wu Jian Council.
  5203 | D:5      | Found Loluaboa's Gadget Gallery.
  5488 | D:6      | Reached XP level 9. HP: 43/55 MP: 0/0
  5488 | D:6      | Learned a level 3 spell: Tukima's Dance
  5662 | D:6      | Found a broken altar of Ashenzari.
  5758 | D:6      | Became a worshipper of Ashenzari the Shackled
  6431 | D:7      | Found a staircase to the Ecumenical Temple.
  6555 | D:7      | Reached skill level 1 in Fighting
  6555 | D:7      | Reached skill level 1 in Armour
  6555 | D:7      | Reached skill level 1 in Evocations
  6802 | D:7      | Noticed Maggie
  6817 | D:7      | Killed Maggie
  6837 | D:7      | Reached skill level 2 in Evocations
  7206 | D:8      | Found a staircase to the Lair.
  7442 | D:8      | Reached XP level 10. HP: 48/65 MP: 0/0
  7902 | D:8      | Reached skill level 3 in Evocations
  8291 | D:9      | Reached skill level 10 in Spellcasting
  8644 | D:9      | Reached skill level 5 in Dodging
  8795 | D:9      | Reached skill level 4 in Evocations
  9404 | D:9      | Reached * piety under Ashenzari
  9404 | D:9      | Identified a scroll of acquirement
  9412 | D:9      | Acquired a manual of Evocations
  9443 | D:10     | Entered Level 10 of the Dungeon
  9538 | D:10     | Reached skill level 5 in Evocations
  9538 | D:10     | Reached XP level 11. HP: 54/76 MP: 0/0
  9538 | D:10     | Learned a level 4 spell: Passage of Golubria
  9669 | D:10     | Noticed a centaur warrior
  9685 | D:10     | Killed a centaur warrior
  9686 | D:10     | Reached skill level 5 in Fighting
  9804 | D:10     | Found Osiunil's Antique Weapon Emporium.
  9847 | D:10     | Reached skill level 6 in Evocations
  9968 | D:10     | Reached skill level 7 in Evocations
 10051 | D:10     | Noticed Fannar
 10064 | D:10     | Killed Fannar
 10446 | D:11     | Noticed a boulder beetle
 10491 | D:11     | Killed a boulder beetle
 10547 | D:11     | Reached skill level 8 in Evocations
 10670 | D:11     | Noticed a boulder beetle
 10681 | D:11     | Killed a boulder beetle
 10682 | D:11     | Reached XP level 12. HP: 67/86 MP: 0/0
 11115 | D:12     | Reached ** piety under Ashenzari
 11310 | D:12     | Reached skill level 9 in Evocations
 11340 | D:12     | Noticed a boulder beetle
 11361 | D:12     | Killed a boulder beetle
 11363 | D:12     | Noticed a five-headed hydra
 11372 | D:12     | Killed a five-headed hydra
 11600 | D:12     | Reached skill level 10 in Evocations
 11710 | D:12     | Found a staircase to the Orcish Mines.
 12062 | Orc:1    | Entered Level 1 of the Orcish Mines
 12078 | Orc:1    | Noticed an orc high priest
 12084 | Orc:1    | Reached XP level 13. HP: 55/97 MP: 0/0
 12084 | Orc:1    | Learned a level 5 spell: Lightning Bolt
 12090 | Orc:1    | Reached skill level 11 in Evocations
 12234 | Orc:2    | Entered Level 2 of the Orcish Mines
 12266 | Orc:2    | Noticed an orc warlord
 12337 | Orc:2    | Killed an orc warlord
 12338 | Orc:2    | Reached skill level 10 in Dodging
 12519 | Orc:2    | Noticed Maurice
 12520 | Orc:2    | Noticed Maurice
 12520 | Orc:2    | Maurice changed into Maurice the wyvern
 12524 | Orc:2    | Killed Maurice the wyvern
 12548 | Orc:2    | Reached *** piety under Ashenzari
 12579 | Orc:2    | Reached skill level 12 in Evocations
 12689 | Orc:2    | Found Kiesk's Assorted Antiques.
 12700 | Orc:2    | Bought a silver wand for 124 gold pieces
 12700 | Orc:2    | Bought a fizzy coppery potion for 27 gold pieces
 12830 | Orc:2    | Found a staircase to the Elven Halls.
 13138 | Orc:2    | Found Wotug's Distillery.
 13138 | Orc:2    | Found Hoxtat's Magic Scroll Shop.
 13140 | Orc:2    | Found Bin Xed's Antique Weapon Shoppe.
 13140 | Orc:2    | Found Qodaa's Book Shop.
 13151 | Orc:2    | Bought a scroll of teleportation for 30 gold pieces
 13563 | Orc:2    | Bought a bone mace for 216 gold pieces
 13563 | Orc:2    | Identified the +3 mace of Midwinter {elec, rC+} (You bought
                  | it in a shop on level 2 of the Orcish Mines)
 13573 | Orc:2    | Bought a scroll of acquirement for 520 gold pieces
 13578 | Orc:2    | Bought a potion of lignification for 39 gold pieces
 13578 | Orc:2    | Acquired a staff of conjuration
 13721 | Lair:1   | Entered Level 1 of the Lair of Beasts
 13763 | Lair:1   | Found a dark tunnel.
 13779 | Volcano  | Entered a volcano
 13826 | Volcano  | Reached skill level 10 in Fighting
 13914 | Volcano  | Reached XP level 14. HP: 71/110 MP: 0/0
 14265 | Lair:1   | Identified the +5 whip of Floods {spect, Contam rC+ MP+9}
 14294 | Lair:1   | Reached skill level 1 in Shields
 14808 | Lair:2   | Identified the +4 leather armour "Qiczaryps" {Stlth+}
 14816 | Lair:2   | Found a staircase to the Shoals.
 15012 | Lair:2   | Reached **** piety under Ashenzari
 15151 | Lair:2   | Identified the +0 robe of Hopscotch {rN+ Str+4}
 15203 | Lair:2   | Noticed Nergalle
 15218 | Lair:2   | Killed Nergalle
 16379 | Lair:4   | Found a hole to the Spider Nest.
 16600 | Lair:4   | Reached XP level 15. HP: 82/121 MP: 0/0
 16600 | Lair:4   | Learned a level 6 spell: Conjure Ball Lightning
 16848 | Lair:4   | Noticed Nessos
 16859 | Lair:4   | Killed Nessos
 16941 | Lair:5   | Reached skill level 5 in Shields
 17833 | Lair:5   | Found the +8 storm bow {elec, penet}
 17884 | Lair:6   | Entered Level 6 of the Lair of Beasts
 17887 | Lair:6   | Found a staircase to the Slime Pits.
 18082 | Lair:6   | Found a frozen archway.
 18117 | IceCv    | Entered an ice cave
 18277 | IceCv    | Identified the +3 falchion "Diuhelu" {vorpal, Int+4}
 18444 | Lair:6   | Reached XP level 16. HP: 122/129 MP: 0/0
 18547 | Lair:6   | Identified the +6 scythe of Karma {drain, rPois Str+2}
 19061 | Spider:1 | Entered Level 1 of the Spider Nest
 19061 | Spider:1 | Noticed Roxanne
 19084 | Spider:1 | Killed Roxanne
 19218 | Spider:1 | Noticed Nikola
 19227 | Spider:1 | Killed Nikola
 19773 | Spider:1 | Reached ***** piety under Ashenzari
 19999 | Spider:2 | Acquired 924 gold pieces
 20024 | Spider:2 | Noticed Arachne
 20033 | Spider:2 | Reached skill level 15 in Dodging
 20068 | Spider:2 | Killed Arachne
 20215 | Spider:2 | Reached XP level 17. HP: 138/144 MP: 0/0
 20215 | Spider:2 | Learned a level 6 spell: Starburst
 20958 | Spider:3 | Found a runed translucent door.
 20959 | Spider:3 | Noticed Baxzics's ghost (adept DECj)
 20969 | Spider:3 | Killed Baxzics's ghost
 21007 | Spider:4 | Entered Level 4 of the Spider Nest
 21017 | Spider:4 | Reached skill level 10 in Shields
 21397 | Spider:4 | Noticed Aizul
 21406 | Spider:4 | Killed Aizul
 21621 | Spider:4 | Reached skill level 15 in Fighting
 21623 | Spider:4 | Got a gossamer rune of Zot
 22011 | D:13     | Identified the +5 chain mail "Miofu" {Will+ Dex+5}
 22068 | D:13     | Reached XP level 18. HP: 109/151 MP: 0/0
 22112 | D:13     | Acquired a manual of Shields
 22114 | D:13     | Acquired a +1 helmet of intelligence
 22290 | D:13     | Found a large runed translucent door.
 22290 | D:13     | Found a large runed translucent door.
 22597 | D:14     | Reached skill level 15 in Spellcasting
 22612 | D:14     | Found a gate to the Vaults.
 22818 | D:14     | Found a glowing golden altar of the Shining One.
 23064 | D:15     | Entered Level 15 of the Dungeon
 23069 | D:15     | Found Fuymaduj's Antique Weapon Shoppe.
 23302 | D:15     | Found a white marble altar of Elyvilon.
 23381 | D:15     | Found a staircase to the Depths.
 23643 | Shoals:1 | Entered Level 1 of the Shoals
 23744 | Shoals:1 | Found a large runed translucent door.
 23745 | Shoals:1 | Found a large runed translucent door.
 23747 | Shoals:1 | Noticed R007833r's ghost (journeyman DrFE)
 23755 | Shoals:1 | Killed R007833r's ghost
 23798 | Shoals:1 | Reached skill level 5 in Armour
 24076 | Shoals:1 | Noticed a kraken
 24086 | Shoals:1 | Killed a kraken
 24087 | Shoals:1 | Reached skill level 13 in Evocations
 24360 | Shoals:2 | Found Vuozar's Weapon Boutique.
 24386 | Shoals:2 | Reached XP level 19. HP: 97/166 MP: 0/0
 24386 | Shoals:2 | Learned a level 7 spell: Summon Hydra
 24673 | Shoals:2 | Reached ****** piety under Ashenzari
 25769 | Shoals:4 | Entered Level 4 of the Shoals
 25773 | Shoals:4 | Acquired the -3 pair of gloves "Daxuhece" {Regen+ Dex+8}
 25784 | Shoals:4 | Found the +4 Cigotuvi's embrace {rMiasma Drain rN+}
 25841 | Shoals:4 | Identified the +6 quarterstaff of Skirmishing {freeze,
                  | Fragile Fly rN++ Dex+2}
 25857 | Shoals:4 | Reached skill level 15 in Shields
 25944 | Shoals:4 | Found Istreejuamp's Assorted Antiques.
 25956 | Shoals:4 | Got a barnacled rune of Zot
 26023 | Shoals:4 | Bought a jewelled short sword for 184 gold pieces
 26023 | Shoals:4 | Identified the +1 short sword of the End of Times {speed,
                  | Contam rPois Int-4 Dex+5} (You bought it in a shop on level
                  | 4 of the Shoals)
 26216 | Shoals:4 | Reached XP level 20. HP: 169/177 MP: 0/0
 27000 | D:4      | Bought a scroll of enchant armour for 105 gold pieces
 27000 | D:4      | Bought a scroll of blinking for 105 gold pieces
 27000 | D:4      | Bought a scroll of blinking for 105 gold pieces
 27000 | D:4      | Bought a scroll of holy word for 105 gold pieces
 27000 | D:4      | Bought 2 scrolls of holy word for 210 gold pieces
 27234 | Elf:1    | Entered Level 1 of the Elven Halls
 27421 | Elf:1    | Cast into level 3 of the Abyss (a deep elf sorcerer)
 27768 | Elf:1    | Escaped the Abyss
 27782 | Elf:1    | Identified the Volume of Battle Magic and Creation
 27794 | Elf:1    | Noticed a Brimstone Fiend
 28511 | Elf:2    | Found a runed translucent gate.
 28527 | Elf:2    | Found a runed translucent gate.
 28528 | Elf:2    | Found a runed translucent gate.
 28566 | Elf:2    | Paralysed by an air elemental for 1 turns
 28747 | Elf:2    | Noticed a Hell Sentinel
 28750 | Elf:2    | Found Hiapn's Magic Scroll Shop.
 28758 | Elf:2    | Bought a scroll of magic mapping for 52 gold pieces
 28758 | Elf:2    | Bought a scroll of blinking for 112 gold pieces
 29127 | Elf:3    | Entered Level 3 of the Elven Halls
 29127 | Elf:3    | Identified the +2 robe "Sighuju" {*Slow rF- Str+6}
 29273 | Elf:3    | Reached XP level 21. HP: 100/187 MP: 0/0
 29273 | Elf:3    | Learned a level 7 spell: Malign Gateway
 29562 | Elf:3    | Identified the +2 chain mail of the Untouchables {rC++}
 29569 | Elf:3    | Identified the +0 ring mail of Atheism {Fly rF- Dex+3}
 29569 | Elf:3    | Identified the ring "Methruzio" {rPois Int+6 Dex+3 Stlth+}
 29604 | Elf:3    | Identified the +0 chain mail "Ishef" {-Cast Regen+ SInv
                  | Stlth+}
 29833 | Elf:3    | Found a bloodstained altar of Trog.
 29845 | Elf:3    | Found Usobehal's Weapon Shoppe.
 29909 | Elf:3    | Noticed Asterion
 29914 | Elf:3    | Killed Asterion
 30304 | Elf:3    | Identified the ring of Gudimnip {Fly rElec rF- rCorr Dex+2}
 30330 | Elf:3    | Identified the Papyrus of Weightlessness and Displacement
 30844 | Vaults:1 | Entered Level 1 of the Vaults
 30887 | Vaults:1 | Found a crumbling gateway.
 30910 | Desolati | Entered the Desolation of Salt
 31188 | Desolati | Reached XP level 22. HP: 185/194 MP: 0/0
 31189 | Desolati | Identified the amulet of Life {Acrobat Rampage Regen+
                  | Stlth+}
 31249 | Desolati | Identified the +3 scale mail of the Realm of Zot {rC+++
                  | Int-5 Slay+3 Stlth+}
 31271 | Desolati | Identified the amulet of Jyseeg {Faith rElec Will- rCorr
                  | Int+6}
 31299 | Desolati | Identified the +5 lajatang "Iwkiref" {drain, rN++ Str-3
                  | Int+6}
 31300 | Desolati | Identified the ring "Duthabra" {rElec rN+ Will- Str+10
                  | Int-4}
 31341 | Desolati | Identified the ring "Vikheach" {rN++ rCorr Str+3}
 31343 | Desolati | Identified the ring of Kunwufre {Fire Will+ Int+4 Dex+4}
 31346 | Desolati | Found the +4 robe of Augmentation {Str+4 Int+4 Dex+4}
 31351 | Desolati | Reached skill level 10 in Armour
 31400 | Desolati | Identified Limicafu's Guide on Ashen Transformation
 31533 | Desolati | Found the -2 hat of the Alchemist {rElec rPois rF+ rC+ rN+
                  | Will+ rMut rCorr}
 33531 | Vaults:2 | Reached XP level 23. HP: 67/192 MP: 0/0
 33531 | Vaults:2 | Learned a level 7 spell: Storm Form
 33676 | Vaults:2 | Found a staircase to the Crypt.
 33990 | Vaults:2 | Identified the +3 flail of Lujieh {protect, rC+ Will+
                  | Str-4}
 34986 | Vaults:3 | Found Uxih's Weapon Shoppe.
 35385 | Vaults:4 | Reached XP level 24. HP: 158/208 MP: 0/0
 35398 | Vaults:4 | Noticed Mennas
 35520 | Vaults:4 | Killed Mennas
 35697 | Vaults:4 | Reached skill level 15 in Armour
 35850 | Vaults:4 | Identified the +8 rapier "Concordance" {vorpal, Drain rPois
                  | rF+ MP+9}
 35959 | Vaults:4 | Noticed Mara
 36004 | Vaults:4 | Noticed miscthings's illusion
 36046 | Vaults:4 | Killed Mara
 36335 | Vaults:5 | Entered Level 5 of the Vaults
 36339 | Vaults:5 | Reached skill level 14 in Evocations
 36690 | Vaults:5 | Reached XP level 25. HP: 200/214 MP: 0/0
 36690 | Vaults:5 | Learned a level 8 spell: Lehudib's Crystal Spear
 36774 | Vaults:5 | Identified the +8 chain mail of the Dice {rPois rC+}
 36786 | Vaults:5 | Identified the +4 glaive of Evil {spect, +Blink rPois Str-3
                  | Int+3}
 36831 | Vaults:5 | Noticed an ancient lich
 36846 | Vaults:5 | Killed an ancient lich
 36903 | Vaults:5 | Found Hecruc's Book Shop.
 36919 | Vaults:5 | Identified the +9 hunting sling of Objectivity {freeze,
                  | Int+4}
 36921 | Vaults:5 | Identified the +6 hunting sling of Peereiro {vorpal, rPois
                  | rN+ Will++ Int-3}
 36989 | Vaults:5 | Noticed a dread lich
 36996 | Vaults:5 | Noticed an ancient lich
 37004 | Vaults:5 | Killed a dread lich
 37004 | Vaults:5 | Killed an ancient lich
 37201 | Vaults:5 | Got a silver rune of Zot
 37796 | Slime:1  | Entered Level 1 of the Pits of Slime
 37949 | Slime:5  | Entered Level 5 of the Pits of Slime
 37984 | Slime:5  | Noticed the Royal Jelly
 38175 | Slime:5  | Killed the Royal Jelly
 38288 | Slime:5  | Identified the +0 chain mail "Fupif" {Rampage rF- Dex+3
                  | SInv}
 38288 | Slime:5  | Found the +5 robe of Misfortune {Contam Harm *Corrode Drain
                  | *Slow EV+5}
 38289 | Slime:5  | Identified the ring "Qyh Liu" {rC+ Int+6}
 38291 | Slime:5  | Identified the Volume of Intoxication and Ice
 38292 | Slime:5  | Identified the +9 shortbow of Dim Light {vorpal, Dex+5}
 38341 | Slime:5  | Got a slimy rune of Zot
 38782 | Crypt:1  | Entered Level 1 of the Crypt
 38827 | Crypt:1  | Reached XP level 26. HP: 131/221 MP: 0/0
 38855 | Crypt:1  | Reached skill level 1 in Throwing
 39328 | Crypt:3  | Entered Level 3 of the Crypt
 39417 | Crypt:3  | Found a staircase to the Tomb.
 39567 | Crypt:3  | Noticed a dread lich
 39571 | Crypt:3  | Killed a dread lich
 39627 | Crypt:3  | Identified the ring of Pantheism {rElec rN+ Str+3 Int+6
                  | Stlth-}
 39751 | Crypt:3  | Identified the +0 kite shield "Ryeneber" {*Slow rF+ Will+}
 39945 | Crypt:3  | Identified Inimn's Collected Works on Darkness
 39982 | Crypt:3  | Identified Ulimohar's Guide on Displaced Contamination
 40385 | Depths:1 | Entered Level 1 of the Depths
 40504 | Depths:1 | Found a one-way gate leading to the halls of Pandemonium.
 40533 | Depths:1 | Found a hazy altar of Hepliaklqana.
 40543 | Depths:1 | Found a faded altar of an unknown god.
 40548 | Depths:1 | Found a faded altar of an unknown god.
 40550 | Depths:1 | Found a faded altar of an unknown god.
 40575 | Depths:1 | Found a gateway to Hell.
 40618 | Depths:1 | Noticed Bai Suzhen
 40627 | Depths:1 | Killed Bai Suzhen
 40789 | Depths:2 | Found a gateway to a ziggurat.
 41018 | Depths:2 | Found Ehuomucs's Antique Weapon Shoppe.
 41026 | Depths:2 | Bought a shimmering falchion for 240 gold pieces
 41026 | Depths:2 | Identified the +6 falchion of Myingule {pain, rF+} (You
                  | bought it in a shop on level 2 of the Depths)
 41137 | Depths:2 | Identified the +7 hand crossbow of the Desolation of Salt
                  | {speed, rElec}
 41518 | Depths:3 | Found Pahaq's Assorted Antiques.
 41558 | Depths:3 | Found Jiyn's Book Shop.
 41560 | Depths:3 | Found Lioph's Jewellery Shoppe.
 41588 | Depths:3 | Found Zoungysaypp's Book Shop.
 41635 | Depths:3 | Reached XP level 27. HP: 148/228 MP: 0/0
 41635 | Depths:3 | Learned a level 9 spell: Fire Storm
 41728 | Depths:3 | Found a one-way gate to the infinite horrors of the Abyss.
 41741 | Depths:3 | Voluntarily entered the Abyss.
 41985 | Abyss:3  | Got an abyssal rune of Zot
 41999 | Depths:3 | Escaped the Abyss
 42543 | Depths:4 | Entered Level 4 of the Depths
 42600 | Depths:4 | Found a magical portal.
 42607 | WizLab   | Entered Doroklohe's Tomb
 42628 | WizLab   | Noticed a royal mummy
 42869 | WizLab   | Killed a royal mummy
 43251 | Depths:4 | Reached skill level 5 in Stealth
 43262 | Depths:4 | Found a gate to the Realm of Zot.
 43308 | Depths:4 | Noticed a juggernaut
 43313 | Depths:4 | Killed a juggernaut
 43682 | Depths:4 | Found a corrupted altar of Lugonu.
 43826 | Zig:1    | Entered Level 1 of a ziggurat
 43844 | Zig:2    | Entered Level 2 of a ziggurat
 43865 | Zig:3    | Entered Level 3 of a ziggurat
 43867 | Zig:3    | Identified the +1 leather armour of Codeuph {rF++ Slay+2}
 43892 | Zig:4    | Entered Level 4 of a ziggurat
 43919 | Zig:5    | Entered Level 5 of a ziggurat
 43923 | Zig:5    | Identified the +4 troll leather armour of Mutualism {Regen+
                  | Int+3 Dex+3}
 43923 | Zig:5    | Identified the +3 mace "Ijyc" {vorpal, rC++ Dex-4}
 43924 | Zig:5    | Noticed Ticlaffo the pandemonium lord
 43927 | Zig:5    | Killed Ticlaffo the pandemonium lord
 43955 | Zig:6    | Entered Level 6 of a ziggurat
 43967 | Zig:6    | Identified the +11 hunting sling of Infinity {flame, rN+
                  | Int+3 Stlth+}
 43985 | Zig:6    | Reached skill level 15 in Evocations
 43990 | Zig:7    | Entered Level 7 of a ziggurat
 44002 | Zig:7    | Identified the +5 hunting sling of Piev {freeze, Contam
                  | rElec rPois Int+3}
 44037 | Zig:8    | Entered Level 8 of a ziggurat
 44042 | Zig:8    | Noticed a juggernaut
 44046 | Zig:8    | Identified the +7 scimitar "Vihobix" {venom, rPois rN+++
                  | Will- Dex+3}
 44047 | Zig:8    | Identified the +6 halberd of Bechuc {flame, Int+3}
 44047 | Zig:8    | Killed a juggernaut
 44089 | Zig:9    | Entered Level 9 of a ziggurat
 44096 | Zig:9    | Reached skill level 10 in Stealth
 44097 | Zig:9    | Paralysed by an air elemental for 1 turns
 44101 | Zig:9    | Paralysed by an air elemental for 1 turns
 44103 | Zig:9    | Identified the Catalogue of Malediction
 44197 | Pan      | Entered Pandemonium
 44212 | Pan      | Noticed Xoxzetis the pandemonium lord
 44228 | Pan      | Noticed Qihujoel the pandemonium lord
 44228 | Pan      | Found a runed translucent door.
 44235 | Pan      | Killed Qihujoel the pandemonium lord
 44253 | Pan      | Got a demonic rune of Zot
 44383 | Pan      | Identified the +4 tower shield "Kadud" {Drain Str+7 Dex+3}
 44435 | Pan      | Found a glowing silver altar of Zin.
 44598 | Pan      | Reached skill level 16 in Evocations
 44710 | Pan      | Identified the amulet of the Cicada {Acrobat Fly rPois
                  | Str-5 Dex+7}
 44722 | Pan      | Identified the +7 great sword of Jaiv {antimagic, rPois rF-
                  | Dex+3}
 44722 | Pan      | Identified the ring "Kamolon" {Int+3 Dex+6}
 44722 | Pan      | Noticed a seraph
 44737 | Pan      | Found a glowing golden altar of the Shining One.
 44757 | Depths:2 | Escaped Pandemonium
 44759 | Pan      | Entered Pandemonium
 44774 | Pan      | Entered the realm of Lom Lobon.
 44774 | Pan      | Found an exit through the horrors of the Abyss.
 44974 | Pan      | Identified the +4 spear of Forced Transition {spect, rPois
                  | Will- Str+2 Dex+7}
 45071 | Pan      | Noticed Lom Lobon
 45090 | Pan      | Killed Lom Lobon
 45213 | Pan      | Got a magical rune of Zot
 45438 | Pan      | Found an exit through the horrors of the Abyss.
 45467 | Pan      | Found a runed translucent door.
 45476 | Pan      | Found a runed translucent door.
 45483 | Pan      | Found a runed translucent door.
 45793 | Pan      | Noticed Daydu the pandemonium lord
 45803 | Pan      | Killed Daydu the pandemonium lord
 45958 | Pan      | Entered the realm of Cerebov.
 45984 | Pan      | Found an exit through the horrors of the Abyss.
 46100 | Pan      | Identified the +5 halberd of Disintegration {venom, rF+
                  | rCorr}
 46296 | Pan      | Found the +6 sword of Cerebov {flame}
 46296 | Pan      | Noticed Cerebov
 46330 | Pan      | Killed Cerebov
 46481 | Pan      | Identified the ring of Salvation {Ice Dex+2}
 46482 | Pan      | Identified the Almanac of Unreason
 46497 | Pan      | Identified the +1 ring mail "Ynuler" {Str+4}
 46519 | Pan      | Got a fiery rune of Zot
 46594 | Pan      | Found an exit through the horrors of the Abyss.
 46608 | Pan      | Entered the realm of Mnoleg.
 46698 | Pan      | Noticed Mnoleg
 46709 | Pan      | Killed Mnoleg
 46760 | Pan      | Got a glowing rune of Zot
 46787 | Pan      | Entered the realm of Gloorx Vloq.
 46799 | Pan      | Noticed Gloorx Vloq
 46806 | Pan      | Killed Gloorx Vloq
 46933 | Pan      | Got a dark rune of Zot
 46979 | Pan      | Acquired 416 gold pieces
 47132 | Pan      | Identified the +4 chain mail of Sif Muna's Hope {rF+ rCorr}
 47468 | Pan      | Found an exit through the horrors of the Abyss.
 47477 | Pan      | Took an exit into the Abyss.
 47477 | Abyss:1  | Escaped into the Abyss
 47518 | Depths:2 | Escaped the Abyss
 47549 | Hell     | Entered the Vestibule of Hell
 47549 | Hell     | Noticed Geryon
 47554 | Hell     | Killed Geryon
 47792 | Hell     | Found a gateway to the Iron City of Dis.
 47801 | Dis:1    | Entered Level 1 of the Iron City of Dis
 47952 | Hell     | Found a gateway to the ashen valley of Gehenna.
 47976 | Geh:1    | Entered Level 1 of Gehenna
 47976 | Geh:1    | Noticed a dread lich
 47980 | Geh:1    | Killed a dread lich
 47985 | Geh:1    | Noticed a dread lich
 48418 | Geh:1    | Killed a dread lich
 48768 | Geh:6    | Noticed a dread lich
 48771 | Geh:7    | Entered Level 7 of Gehenna
 48912 | Geh:7    | Reached skill level 17 in Evocations
 49002 | Geh:7    | Noticed an ancient lich
 49008 | Geh:7    | Killed an ancient lich
 49096 | Geh:7    | Found the +7 sceptre of Asmodeus
 49096 | Geh:7    | Noticed Asmodeus
 49194 | Geh:7    | Killed Asmodeus
 49209 | Geh:7    | Got an obsidian rune of Zot
 49633 | Tomb:1   | Entered Level 1 of the Tomb of the Ancients
 49674 | Tomb:1   | Noticed a royal mummy
 49681 | Tomb:1   | Noticed a royal mummy
 49683 | Tomb:1   | Noticed a royal mummy
 49714 | Tomb:1   | Reached skill level 5 in Throwing
 49720 | Tomb:1   | Noticed a royal mummy
 49720 | Tomb:1   | Noticed a royal mummy
 49778 | Tomb:1   | Noticed a royal mummy
 49792 | Tomb:1   | Noticed a royal mummy
 49804 | Tomb:1   | Noticed a royal mummy
 49809 | Tomb:1   | Killed a royal mummy
 49820 | Tomb:1   | Noticed a royal mummy
 49822 | Tomb:1   | Reached skill level 15 in Stealth
 49864 | Tomb:1   | Noticed a royal mummy
 49866 | Tomb:1   | Noticed a royal mummy
 49868 | Tomb:1   | Killed a royal mummy
 49869 | Tomb:1   | Killed a royal mummy
 50052 | Tomb:1   | Noticed a royal mummy
 50053 | Tomb:1   | Noticed a royal mummy
 50085 | Tomb:1   | Noticed a royal mummy
 50138 | Tomb:2   | Noticed a royal mummy
 50138 | Tomb:2   | Noticed a royal mummy
 50138 | Tomb:2   | Noticed a royal mummy
 50139 | Tomb:2   | Noticed a royal mummy
 50145 | Tomb:2   | Killed a royal mummy
 50150 | Tomb:2   | Killed a royal mummy
 50150 | Tomb:2   | Killed a royal mummy
 50151 | Tomb:2   | Killed a royal mummy
 50159 | Tomb:2   | Identified the cursed scarf of Star-Bound Wisdom {rC+ rF+,
                  | Melee, Self} (You found it on level 5 of the Lair of
                  | Beasts)
 50184 | Tomb:2   | Reached skill level 18 in Evocations
 51036 | Tomb:1   | Noticed a royal mummy
 51339 | Tomb:3   | Entered Level 3 of the Tomb of the Ancients
 51354 | Tomb:3   | Noticed a royal mummy
 51356 | Tomb:3   | Noticed a royal mummy
 51357 | Tomb:3   | Noticed a royal mummy
 51359 | Tomb:3   | Identified the +3 scimitar of Cibeadi {venom, rN++ rCorr}
 51360 | Tomb:3   | Noticed a royal mummy
 51360 | Tomb:3   | Noticed a royal mummy
 51360 | Tomb:3   | Killed a royal mummy
 51361 | Tomb:3   | Killed a royal mummy
 51361 | Tomb:3   | Noticed a royal mummy
 51362 | Tomb:3   | Noticed a royal mummy
 51363 | Tomb:3   | Killed a royal mummy
 51363 | Tomb:3   | Killed a royal mummy
 51363 | Tomb:3   | Noticed a royal mummy
 51364 | Tomb:3   | Noticed a royal mummy
 51365 | Tomb:3   | Killed a royal mummy
 51365 | Tomb:3   | Killed a royal mummy
 51366 | Tomb:3   | Killed a royal mummy
 51367 | Tomb:3   | Killed a royal mummy
 51367 | Tomb:3   | Killed a royal mummy
 51381 | Tomb:3   | Identified the +4 hand crossbow of the Last Princes {penet,
                  | rF+}
 51386 | Tomb:3   | Identified the +8 halberd of the Common Good {elec, Drain
                  | rPois rF+}
 51396 | Tomb:3   | Identified the amulet of Melee {Harm Drain rElec Regen+
                  | Slay+5}
 51429 | Tomb:3   | Identified the Grimoire of Flamy Creation
 51441 | Tomb:3   | Identified the +2 leather armour of the Tanner {Dex+3}
 51441 | Tomb:3   | Identified the ring of the Tempest {Drain Fly rC++ Str+4}
 51445 | Tomb:3   | Identified the +12 great sword of Irrepressible Laughter
                  | {elec, rC+ Int-3 SInv}
 51531 | Tomb:3   | Got a golden rune of Zot
 52067 | Dis:3    | Reached skill level 19 in Evocations
 52683 | Dis:7    | Entered Level 7 of the Iron City of Dis
 52754 | Dis:7    | Noticed a juggernaut
 52763 | Dis:7    | Killed a juggernaut
 52769 | Dis:7    | Noticed the Serpent of Hell
 52822 | Dis:7    | Noticed a juggernaut
 52831 | Dis:7    | Killed a juggernaut
 52838 | Dis:7    | Killed the Serpent of Hell
 52873 | Dis:7    | Noticed a juggernaut
 52884 | Dis:7    | Killed a juggernaut
 52960 | Dis:7    | Reached skill level 20 in Evocations
 53055 | Dis:7    | Found the +4 staff of Dispater
 53055 | Dis:7    | Noticed Dispater
 53126 | Dis:7    | Killed Dispater
 53194 | Dis:7    | Got an iron rune of Zot
 53247 | Hell     | Found a gateway to the decaying netherworld of Tartarus.
 53256 | Tar:1    | Entered Level 1 of Tartarus
 53847 | Tar:7    | Entered Level 7 of Tartarus
 53962 | Tar:7    | Reached skill level 21 in Evocations
 54068 | Tar:7    | Noticed Ereshkigal
 54073 | Tar:7    | Killed Ereshkigal
 54138 | Tar:7    | Got a bone rune of Zot
 54205 | Hell     | Found a gateway to the freezing wastes of Cocytus.
 54222 | Coc:1    | Entered Level 1 of Cocytus
 54250 | Coc:1    | Reached skill level 22 in Evocations
 54400 | Coc:5    | Noticed a shard shrike
 54400 | Coc:5    | Noticed a shard shrike
 54400 | Coc:5    | Noticed a shard shrike
 54400 | Coc:5    | Noticed a shard shrike
 54402 | Coc:5    | Noticed a shard shrike
 54403 | Coc:5    | Killed a shard shrike
 54403 | Coc:5    | Noticed a shard shrike
 54404 | Coc:5    | Noticed a shard shrike
 54404 | Coc:5    | Noticed a shard shrike
 54405 | Coc:5    | Noticed a shard shrike
 54405 | Coc:5    | Noticed a shard shrike
 54405 | Coc:5    | Noticed a shard shrike
 54405 | Coc:5    | Noticed a shard shrike
 54405 | Coc:5    | Killed a shard shrike
 54406 | Coc:5    | Noticed a shard shrike
 54407 | Coc:5    | Noticed a shard shrike
 54410 | Hell     | Killed a shard shrike
 54503 | Coc:2    | Noticed an ancient lich
 54509 | Coc:2    | Killed an ancient lich
 54510 | Coc:2    | Reached skill level 23 in Evocations
 54547 | Coc:3    | Noticed an ancient lich
 54550 | Coc:3    | Killed an ancient lich
 54582 | Coc:5    | Killed a shard shrike
 54582 | Coc:5    | Killed a shard shrike
 54582 | Coc:5    | Killed a shard shrike
 54582 | Coc:5    | Killed a shard shrike
 54582 | Coc:5    | Killed a shard shrike
 54582 | Coc:5    | Killed a shard shrike
 54582 | Coc:5    | Killed a shard shrike
 54585 | Coc:5    | Killed a shard shrike
 54597 | Coc:5    | Killed a shard shrike
 54597 | Coc:5    | Killed a shard shrike
 54598 | Coc:5    | Reached skill level 24 in Evocations
 54601 | Coc:5    | Killed a shard shrike
 54609 | Coc:5    | Noticed a shard shrike
 54611 | Coc:5    | Killed a shard shrike
 54611 | Coc:5    | Noticed a shard shrike
 54612 | Coc:5    | Noticed a shard shrike
 54613 | Coc:5    | Killed a shard shrike
 54613 | Coc:5    | Killed a shard shrike
 54613 | Coc:5    | Noticed a shard shrike
 54614 | Coc:5    | Killed a shard shrike
 54685 | Coc:7    | Entered Level 7 of Cocytus
 54685 | Coc:7    | Noticed a shard shrike
 54688 | Coc:7    | Killed a shard shrike
 54688 | Coc:7    | Noticed a shard shrike
 54689 | Coc:7    | Killed a shard shrike
 54689 | Coc:7    | Noticed a shard shrike
 54690 | Coc:7    | Reached skill level 25 in Evocations
 54691 | Coc:7    | Killed a shard shrike
 54693 | Coc:7    | Noticed a shard shrike
 54694 | Coc:7    | Noticed a shard shrike
 54695 | Coc:7    | Killed a shard shrike
 54696 | Coc:7    | Killed a shard shrike
 54697 | Coc:7    | Noticed a shard shrike
 54698 | Coc:7    | Noticed a shard shrike
 54699 | Coc:7    | Noticed a shard shrike
 54700 | Coc:7    | Killed a shard shrike
 54700 | Coc:7    | Killed a shard shrike
 54700 | Coc:7    | Noticed a shard shrike
 54701 | Coc:7    | Killed a shard shrike
 54702 | Coc:7    | Killed a shard shrike
 54724 | Coc:7    | Noticed a shard shrike
 54735 | Coc:7    | Killed a shard shrike
 54744 | Coc:7    | Noticed a shard shrike
 54757 | Coc:7    | Killed a shard shrike
 54792 | Coc:7    | Noticed a shard shrike
 54799 | Coc:7    | Killed a shard shrike
 54828 | Coc:7    | Reached skill level 26 in Evocations
 54864 | Coc:7    | Noticed a shard shrike
 54866 | Coc:7    | Killed a shard shrike
 54875 | Coc:7    | Noticed a shard shrike
 54876 | Coc:7    | Killed a shard shrike
 54916 | Coc:7    | Noticed a shard shrike
 54916 | Coc:7    | Noticed a shard shrike
 54917 | Coc:7    | Noticed a shard shrike
 54918 | Coc:7    | Noticed a shard shrike
 54919 | Coc:7    | Killed a shard shrike
 54919 | Coc:7    | Killed a shard shrike
 54919 | Coc:7    | Killed a shard shrike
 54920 | Coc:7    | Killed a shard shrike
 54925 | Coc:7    | Noticed a shard shrike
 54928 | Coc:7    | HP: 3/228 [shard shrike (11)]
 54928 | Coc:7    | Slain by a shard shrike

Illustrated notes

Levels and vault maps discovered:
D:1:      minmay_arrival_shoal_huts, layout_rooms, basic_ecumenical_altar
D:2:      cheibrodos_greedy_goblins, layout_basic, uniq_natasha
D:3:      layout_loops_corners, mainiacjoe_overflow_tiny_flanked,
          serial_co_window_serial, co_window_corner_a,
          co_window_of_opportunity_a, co_window_paths_a, co_window_corner_a,
          co_window_paths_a, co_window_corner_a, co_window_broadway_a,
          co_window_2corner, co_window_cross_2, co_window_sun, glass_columns_b,
          glass_columns_a, glass_columns_a, chequers_serial_rivers_micro_c,
          minmay_misc_feat_nine_boxes, uniq_terence
D:4:      layout_loops_ring, regret_index_temple_of_mockery, serial_shops, shop,
          serial_forest, infiniplex_forest_end_3,
          infiniplex_forest_lined_corner, infiniplex_forest_end_3,
          infiniplex_forest_zigzag_2, infiniplex_forest_straight_1,
          infiniplex_forest_lined_ring, infiniplex_forest_lined_3,
          chequers_mini_garden
D:5:      layout_cave_pools, nzn_wu_jian_contemplation, nicolae_shop_gadgets,
          uniq_menkaure
D:6:      layout_loops_corners, nicolae_ashenzari_panopticon
D:7:      layout_basic, minmay_temple_entry_gardened_gates, uniq_maggie
D:8:      layout_cave_pods, lair_entry_dummy, minmay_misc_feat_rows,
          lemuel_flamethrower_2
D:9:      layout_roguey, minmay_fractal_squares_diagonal_5
D:10:     layout_long_grid, serial_shops,
          nicolae_shop_competitors_out_of_business, roderic_lattice_a,
          uniq_fannar
D:11:     layout_loops_cross
D:12:     layout_loops_corners, kennysheep_orc_monster_closet_entryway
D:13:     doesnt_quadruple_sword, layout_basic
D:14:     layout_irregular_city, grunt_vaults_entry_tiered, lemuel_round_altar
D:15:     hangedman_depths_entry_try_elsewhere_first, layout_rooms,
          serial_shops, shop_fountains, elyvilon_altar_1
Lair:1:   layout_roguey, nicolae_volcano_entry_lava_flow,
          chequers_serial_rivers_large_a, chequers_serial_rivers_room_b,
          grunt_forest_small_clearing_treed, infiniplex_staircase_pool_2
Lair:2:   layout_cave_pods, elwin_shoals_entry_rocks, beast_lair_carwin_8,
          serial_bayou_shore_b, uniq_nergalle
Lair:3:   layout_small_grid, serial_bayou_shore_b
Lair:4:   layout_long_grid, spider_nest_entry_web_field, eino_house_with_fridge,
          lemuel_fruit_fields, uniq_nessos
Lair:5:   minmay_lair_oklob_tunnel, layout_regular_city
Lair:6:   minmay_lair_end_frog_pond, layout_concentric_octagons,
          nicolae_slime_entry_slimehenge,
          portal_ice_cave_entry_animals_and_master, nicolae_lair_yak_garden
Shoals:1: layout_shoals, ebering_ghost_disaster_area, nicolae_shoals_wave_tunnel
Shoals:2: layout_shoals, serial_shops, shop
Shoals:3: layout_shoals, nicolae_shoals_enchanted_isle
Shoals:4: shoals_end_grunt_garden, layout_shoals, serial_shops, shop
Spider:1: nicolae_spider_hilbert_zone_4 [nicolae_spider_hilbert_4_sides_2_open,
          nicolae_spider_hilbert_4_sides_1_open,
          nicolae_spider_hilbert_4_sides_1_open,
          nicolae_spider_hilbert_4_sides_1_open,
          nicolae_spider_hilbert_4_sides_1_open,
          nicolae_spider_hilbert_2_sides_1_open,
          nicolae_spider_hilbert_2_sides_1_open,
          nicolae_spider_hilbert_2_sides_1_open,
          nicolae_spider_hilbert_2_sides_1_open,
          nicolae_spider_hilbert_6_sides_1_open,
          nicolae_spider_hilbert_6_sides_1_open,
          nicolae_spider_hilbert_3_sides_1_open,
          nicolae_spider_hilbert_3_sides_1_open], uniq_roxanne, uniq_nikola
Spider:2: layout_spider_delve, uniq_arachne
Spider:3: layout_spider_delve, gammafunk_ghost_grave
Spider:4: grunt_spider_rune_circles, drop_trap, uniq_aizul
Slime:1:  layout_caves
Slime:2:  layout_caves, cheibrodos_slime_lost_civilization_6
Slime:3:  layout_caves
Slime:4:  layout_caves
Slime:5
Orc:1:    layout_diamond_mine
Orc:2:    grunt_orc_tribal_feast, layout_caves, serial_shops,
          nicolae_shop_competitors_out_of_business, uniq_maurice
Elf:1:    layout_onion_city, minmay_elf_sorcery
Elf:2:    nicolae_elf_blades_crystal_corner, layout_onion_city, serial_shops,
          shop, st_stairs_3
Elf:3:    minmay_elf_hall_furrowed, layout_onion_city, serial_shops, shop,
          evilmike_spriggan_trog_shrine, uniq_asterion
Vaults:1: portal_desolation_entry_nicolae_nacl, vaults_standard_mumra_x,
          nicolae_vaults_circle_grid_b, v_misc_27,
          nicolae_vaults_bisected_exclaves, ontoclasm_vaults_chip,
          ontoclasm_vaults_chip, nicolae_vaults_yaktaur_gun_rack,
          layout_vaults_omnigrid
Vaults:2: vaults_mumra_minichess, minmay_crypt_entry_simple_statues, v_misc_33,
          v_misc_29, vaults_room_fours, v_pattern_2, vaults_room_semicircle,
          vaults_dpeg_hooks, vaults_room_pool, vaults_room_corners,
          layout_vaults_omnicross
Vaults:3: vaults_dpeg_encased_lava, hangedman_vaults_nails,
          vaults_room_semicircle, ontoclasm_vaults_hangar,
          ontoclasm_vaults_misaligned, v_misc_27, v_pattern_1,
          hangedman_vaults_corner, vaults_dpeg_doors, ontoclasm_vaults_ligature,
          grunt_vaults_swirl, layout_vaults_maze, serial_shops, shop
Vaults:4: v_misc_11, v_rooms_1, nicolae_vaults_little_squares_2, v_misc_9,
          nicolae_vaults_display_case, v_misc_12, v_misc_27, v_misc_17,
          nicolae_vaults_ring_of_whatevers, hangedman_vaults_slice,
          layout_vaults_chaotic_city, uniq_mara, uniq_mennas
Vaults:5
Crypt:1:  layout_rooms, grunt_crypt_arrival_guarded_gate
Crypt:2:  layout_regular_city
Crypt:3:  cryptofortress_bobbens
Tomb:1
Tomb:2
Tomb:3
Depths:1: layout_cave_shapes, pan_entry, hangedman_decor_peaks_small,
          hangedman_tar_grid_catacomb, minmay_misc_feat_columns, hex_tiny,
          minivault_16, nicolae_hepliaklqana_ecumenical_no_more, uniq_bai_suzhen
Depths:2: minmay_the_grid_four_pointed_star
          [minmay_the_grid_triangle_9x9_from_above,
          minmay_the_grid_triangle_9x9_wacky_v,
          minmay_the_grid_triangle_9x9_checkered,
          minmay_the_grid_triangle_9x9_zippers_horizontal,
          minmay_the_grid_prize_inner_circle], layout_cave_pools,
          enter_ziggurat_d, hell_entry, minmay_misc_feat_chi, serial_shops,
          nicolae_square_shop, grunt_pan_entry_in_and_out,
          minmay_staircase_statues
Depths:3: regret_index_uskayaw_diablada_macabre, layout_cave_shapes,
          minmay_door_square, abyss_entry_glasseish, hellmouth_1, serial_shops,
          nicolae_stop_n_shop_2, infiniplex_staircase_river, minmay_shop_grove
Depths:4: evilmike_zot_entry_diamond, layout_gridlike, mu_enter_wizlab_2,
          abyss_entry_flame_altar, serial_glass, glass_columns_b,
          glass_columns_a, hell_entry
Hell
Dis:1:    layout_subdivisions
Dis:2:    layout_jigsaw
Dis:3:    nicolae_dis_hell_of_blades
Dis:4:    layout_regular_city
Dis:5:    layout_gridville
Dis:6:    layout_gridville
Dis:7:    dis_grunt_layers
Geh:1:    layout_gehenna_pools_triple
Geh:2:    layout_gehenna_pools_triple
Geh:3:    layout_gehenna_lava_caves
Geh:4:    layout_gehenna_pools_triple
Geh:5:    minmay_firetagon, layout_gehenna_pools_box
Geh:6:    layout_gehenna_pools_box, nicolae_geh_amphitheater
Geh:7:    geh_grunt
Coc:1:    layout_ice_bergs
Coc:2:    layout_ice_bergs
Coc:3:    layout_cocytus_delve
Coc:4:    layout_cocytus_delve
Coc:5:    layout_cocytus_water_paths
Coc:6:    layout_cocytus_delve
Coc:7:    coc_grunt_cove [coc_grunt_cove_antaeus, coc_grunt_cove_fiend,
          coc_grunt_cove_fiend, coc_grunt_cove_fiend, coc_grunt_cove_fiend]
Tar:1:    layout_grid_maze
Tar:2:    layout_cathedral_of_symmetry
Tar:3:    layout_grid_maze, lemuel_nasty_fountain
Tar:4:    layout_honeycomb, nicolae_tar_cuneiform_heaven,
          nicolae_hells_hurtin_island
Tar:5:    layout_cathedral_of_symmetry
Tar:6:    layout_catacombs, nicolae_tar_cuneiform_oil
Tar:7:    tar_mu [tar_mu_maze]

Skill      XL: |  1  2  3  4  5  6  7  8  9 10 11 12 13 14 15 16 17 18 19 20 21 22 23 24 25 26 27 |
---------------+----------------------------------------------------------------------------------+-----
Spellcasting   | 4 5 6 7 8 9 10 11 12 13 14 15 16 17 18 19 22 | 22.7
Fighting       | 2 4 6 8 10 11 12 13 15 16 17 18 19 20 23 | 23.5
Armour         | 2 4 5 6 8 14 16 17 18 19 | 19.7
Evocations     | 2 5 8 10 12 13 14 26 | 26.8
Dodging        | 3 5 7 9 11 12 14 15 17 20 21 | 21.2
Shields        | 4 7 9 11 13 15 17 18 19 | 19.7
Stealth        | 4 21 | 21.2
Throwing       | 3 8 |  8.1

Action                   |  1- 3 |  4- 6 |  7- 9 | 10-12 | 13-15 | 16-18 | 19-21 | 22-24 | 25-27 || total
-------------------------+-------+-------+-------+-------+-------+-------+-------+-------+-------++-------
Melee: Short sword       |       |       |     2 |       |       |       |       |       |       ||     2
       Staff             |       |       |       |     5 |    28 |    11 |    13 |    44 |    65 ||   166
Throw: Throwing net      |       |       |       |       |       |       |       |       |     3 ||     3
 Cast: Magic Dart        |    31 |     7 |     6 |       |       |       |       |       |       ||    44
       Searing Ray       |    16 |    21 |    58 |    72 |    33 |     2 |       |       |       ||   202
       Call Imp          |       |     4 |       |     3 |       |       |     1 |       |       ||     8
       Ozocubu's Armour  |       |       |     2 |     4 |       |     1 |       |       |       ||     7
       Tukima's Dance    |       |       |     3 |     7 |    13 |     4 |     1 |       |       ||    28
       Fulminant Prism   |       |       |     2 |    57 |    74 |    34 |     5 |       |       ||   172
       Iskenderun's Myst |       |       |     1 |    76 |   309 |   228 |   169 |   121 |   591 ||  1495
       Dazzling Flash    |       |       |       |     1 |       |       |       |       |       ||     1
       Lightning Bolt    |       |       |       |       |    30 |     6 |     6 |     3 |    12 ||    57
       Passage of Golubr |       |       |       |       |     2 |       |       |       |     2 ||     4
       Conjure Ball Ligh |       |       |       |       |     2 |       |       |     5 |    10 ||    17
       Starburst         |       |       |       |       |       |   173 |   267 |   319 |   207 ||   966
       Malign Gateway    |       |       |       |       |       |       |     7 |    10 |    16 ||    33
       Summon Hydra      |       |       |       |       |       |       |     2 |       |     5 ||     7
       Lehudib's Crystal |       |       |       |       |       |       |       |       |   492 ||   492
       Fire Storm        |       |       |       |       |       |       |       |       |   440 ||   440
Invok: Curse Item        |       |       |     1 |     4 |     3 |     4 |     2 |     4 |     2 ||    20
       Shatter the Chain |       |       |     1 |     1 |     1 |     1 |     2 |     3 |     2 ||    11
Evoke: Wand              |       |       |       |       |     6 |     9 |     7 |       |    38 ||    60
       Box of beasts     |       |       |       |       |       |       |       |     1 |     3 ||     4
  Use: Scroll            |       |       |     6 |     4 |     1 |     4 |     2 |     1 |    38 ||    56
       Potion            |       |       |       |       |       |     2 |     1 |       |    27 ||    30
Armor: Robe              |       |       |    22 |       |       |       |       |       |       ||    22
       Steam dragon scal |       |       |     1 |    28 |       |       |       |       |       ||    29
       Troll leather arm |       |       |       |    24 |    41 |    51 |    17 |     7 |       ||   140
       Chain mail        |       |       |       |       |       |       |     2 |    38 |    94 ||   134
       Skin              |       |       |       |       |       |       |       |       |     9 ||     9
Dodge: Dodged            |     3 |    12 |    29 |   100 |   151 |   170 |   135 |   148 |   493 ||  1241
Block: Buckler           |       |       |       |    26 |    30 |    34 |       |       |       ||    90
       Kite shield       |       |       |       |       |       |    78 |   276 |   376 |   456 ||  1186
       Reflection        |       |       |       |       |       |    11 |    96 |    53 |    42 ||   202
       Tower shield      |       |       |       |       |       |       |       |       |   731 ||   731

Table legend: (Time is in decaauts)
 A = Elapsed time spent in this place.
 B = Non-inter-level travel time spent in this place.
 C = Inter-level travel time spent in this place.
 D = Time resting spent in this place.
 E = Time spent auto-exploring this place.
 F = Levels seen in this place.
 G = Mean time per level.
                   A        B        C        D        E       F      G
               +--------+--------+--------+--------+--------+-----+--------+
         Total |  55062 |  48705 |   6357 |   7181 |  23269 | 115 |  478.8 |
       Dungeon |  15117 |  12866 |   2251 |   2647 |   8189 |  15 | 1007.8 |
          Lair |   5302 |   4667 |    635 |    347 |   3252 |   6 |  883.7 |
        Shoals |   3149 |   2807 |    342 |     54 |   1664 |   4 |  787.2 |
   Spider Nest |   2716 |   2521 |    195 |    310 |   1428 |   4 |  679.0 |
    Slime Pits |    646 |    598 |     48 |    225 |     36 |   5 |  129.2 |
  Orcish Mines |   1672 |   1415 |    257 |    214 |    753 |   2 |  836.0 |
   Elven Halls |   3148 |   2996 |    152 |     69 |   1728 |   3 | 1049.3 |
        Vaults |   5867 |   4970 |    897 |    301 |   2983 |   5 | 1173.4 |
         Crypt |   1875 |   1347 |    528 |    163 |    438 |   3 |  625.0 |
          Tomb |   1727 |   1285 |    442 |    182 |    268 |   3 |  575.7 |
        Depths |   2976 |   2615 |    361 |    378 |   1517 |   4 |  744.0 |
          Hell |    701 |    690 |     11 |    315 |      0 |   1 |  701.0 |
           Dis |    994 |    872 |    122 |    136 |     64 |   7 |  142.0 |
       Gehenna |   1277 |   1198 |     79 |    184 |      0 |   7 |  182.4 |
       Cocytus |    634 |    630 |      4 |     47 |      0 |   7 |   90.6 |
      Tartarus |    900 |    873 |     27 |    148 |     75 |   7 |  128.6 |
         Abyss |    645 |    645 |      0 |    108 |     72 |   5 |  129.0 |
   Pandemonium |   3248 |   3248 |      0 |    870 |    280 |  14 |  232.0 |
      Ziggurat |    305 |    305 |      0 |     30 |      0 |   9 |   33.9 |
      Ice Cave |    209 |    209 |      0 |     47 |     13 |   1 |  209.0 |
       Volcano |    352 |    352 |      0 |     40 |     59 |   1 |  352.0 |
        Wizlab |    567 |    567 |      0 |    236 |    135 |   1 |  567.0 |
    Desolation |   1026 |   1026 |      0 |    129 |    315 |   1 | 1026.0 |
               +--------+--------+--------+--------+--------+-----+--------+

Top non-repeatable levels by time:
     D:9: 1633 daAuts
Vaults:1: 1620 daAuts
   Elf:3: 1523 daAuts
     D:3: 1467 daAuts
    D:12: 1259 daAuts
Vaults:4: 1255 daAuts
     D:4: 1220 daAuts
     D:2: 1214 daAuts
    D:10: 1206 daAuts
   Orc:2: 1204 daAuts
Vaults:2: 1077 daAuts
  Lair:2: 1074 daAuts
 Crypt:3: 1069 daAuts
Vaults:5: 1060 daAuts
     D:6: 1050 daAuts
